 Dungeon Crawl Stone Soup version 0.29.1-15-g9cfb28693d (webtiles) character file.

Game seed: 7098009004904057966

918 GigaChad the Chopper (level 7, 0/61 HPs)
             Began as a Minotaur Fighter on Mar 9, 2023.
             Slain by an iguana (2 damage)
             ... on level 5 of the Dungeon.
             The game lasted 00:05:06 (4676 turns).

GigaChad the Chopper (Minotaur Fighter)             Turns: 4676, Time: 00:05:07

Health: 0/61       AC: 11    Str: 23    XL:     7   Next: 83%
Magic:  6/6        EV: 10    Int:  5    God:
Gold:   900        SH:  4    Dex:  9    Spells: 6/6 levels left

rFire   . . .      SeeInvis .   a - +0 war axe
rCold   . . .      Faith    .   c - +0 buckler
rNeg    . . .      Spirit   .   o - +4 scale mail
rPois   .          Reflect  .   (helmet restricted)
rElec   .          Harm     .   (no cloak)
rCorr   .          Rampage  .   (no gloves)
Will    .....                   (no boots)
Stlth   ..........              m - amulet of the acrobat
HPRegen 0.20/turn               (no ring)
MPRegen 0.10/turn               (no ring)

@: no status effects
A: horns 2, retaliatory headbutt
a: no special abilities


You were on level 5 of the Dungeon.
You visited 1 branch of the dungeon, and saw 5 of its levels.

You collected 900 gold pieces.

Inventory:

Hand Weapons
 a - a +0 war axe (weapon)
Armour
 b - a +1 scale mail
 c - a +0 buckler (worn)
 o - a +4 scale mail (worn)
Jewellery
 m - an amulet of the acrobat (around neck)
 p - a ring of fire
 s - a ring of protection from fire
Scrolls
 g - a scroll of amnesia
 h - a scroll of immolation
 n - 2 scrolls of fear {unknown}
 q - 3 scrolls of identify
 r - 2 scrolls of enchant armour
Potions
 d - 2 potions of might
 e - 6 potions of curing {unknown}
 f - a potion of invisibility {unknown}
 i - a potion of resistance
 j - a potion of heal wounds {unknown}
 k - a potion of ambrosia {unknown}
 l - a potion of haste {unknown}


   Skills:
 + Level 5.1 Fighting
 + Level 7.2 Axes
 + Level 6.5 Armour
 + Level 3.0 Dodging
 + Level 4.9 Shields


You had 6 spell levels left.
You didn't know any spells.
Your spell library contained the following spells:

 Spells                   Type           Power      Damage    Failure   Level
 Sublimation of Blood     Necr           0%         N/A       94%         2
 Wereblood                Tmut           0%         N/A       94%         2
 Ignite Poison            Fire/Tmut/Pois 0%         N/A       99%         3
 Inner Flame              Hex/Fire       0%         N/A       99%         3
 Mephitic Cloud           Conj/Pois/Air  0%         N/A       99%         3
 Cause Fear               Hex            0%         N/A       100%        4
 Freezing Cloud           Conj/Ice/Air   0%         6-21      100%        5
 Summon Hydra             Summ           0%         N/A       100%        7
 Discord                  Hex            0%         N/A       100%        8


Dungeon Overview and Level Annotations

Branches:
Dungeon (5/15)
 Temple: D:4-7

Altars:
Xom

Shops:
D:1 :


Innate Abilities, Weirdness & Mutations

You have a pair of horns on your head.
You reflexively headbutt those who attack you in melee.


Message History

The black bear bites you but does no damage.
The black bear claws you but does no damage.
The black bear barely misses you.
The black bear bites you but does no damage.
The black bear claws you but does no damage.
You block the black bear's attack.
You hit the black bear. Your headbutt misses the black bear.
The black bear is moderately wounded.
The black bear bites you!
* * * LOW HITPOINT WARNING * * *
The black bear barely misses you. The black bear misses you.
You hit the black bear but do no damage.
The black bear is moderately wounded.
The black bear bites you.
* * * LOW HITPOINT WARNING * * *
The black bear claws you but does no damage.
You block the black bear's attack.
You hit the black bear. You headbutt the black bear.
The black bear is severely wounded.
The black bear barely misses you. x2; The black bear closely misses you.
You slash the black bear!
The black bear is almost dead.
The black bear goes berserk!
You hit the black bear.
The black bear is almost dead.
The black bear bites you but does no damage.
The black bear claws you.
* * * LOW HITPOINT WARNING * * *
The black bear claws you but does no damage.
You block the black bear's attack. The black bear barely misses you.
The black bear claws you but does no damage.
You slash the black bear!
You kill the black bear!
Your Dodging skill increases to level 3!
You closely miss the iguana. The iguana bites you.
* * * LOW HITPOINT WARNING * * *
You barely miss the iguana. You headbutt the iguana!
The iguana is heavily wounded.
You block the iguana's attack. The iguana bites you.
You die...

##.....### ##.....##
##..#### ##.÷# ##..#
.#..# ....# #
.>#.#################....
###.............@l.≈≈~~~#
################)~...~~
~.☼°..~ ~..○☼.~ ≈..○..~
~≈...~≈ #≈~~≈~# ######


You could see an iguana.

Vanquished Creatures
  Sigmund (D:4)
  2 black bears (D:5)
  4 scorpions (D:4)
  A howler monkey (D:4)
  A hound (D:5)
  An orc priest (D:5)
  An iguana (D:5)
  3 orc wizards (D:5)
  Robin (D:3)
  6 adders
  A worm (D:2)
  2 dart slugs
  10 orcs
  2 bats (D:2)
  7 endoplasms
  A giant cockroach (D:4)
  17 goblins
  3 hobgoblins
  5 jackals
  10 kobolds
  3 quokkas
  2 ball pythons
  3 frilled lizards
  A rat (D:3)
88 creatures vanquished.

Notes
Turn   | Place    | Note
-------+----------+-------------------------------------------
     0 | D:1      | GigaChad the Minotaur Fighter began the quest for the Orb.
     0 | D:1      | Reached XP level 1. HP: 19/19 MP: 0/0
   243 | D:1      | Found Aloc's Book Emporium.
   496 | D:1      | Reached XP level 2. HP: 23/27 MP: 1/1
  1004 | D:2      | Found a faded altar of an unknown god.
  1394 | D:2      | Reached XP level 3. HP: 33/33 MP: 2/2
  1592 | D:3      | Identified a scroll of acquirement
  1593 | D:3      | Acquired 699 gold pieces
  1644 | D:3      | Noticed Robin
  1657 | D:3      | Reached skill level 3 in Axes
  1661 | D:3      | Killed Robin
  2330 | D:3      | Reached XP level 4. HP: 39/40 MP: 3/3
  2979 | D:4      | Noticed Sigmund
  2995 | D:4      | Killed Sigmund
  2996 | D:4      | Reached skill level 4 in Axes
  2996 | D:4      | Reached skill level 5 in Armour
  2996 | D:4      | Reached skill level 1 in Dodging
  2996 | D:4      | Reached XP level 5. HP: 15/47 MP: 4/4
  3283 | D:4      | Reached skill level 5 in Axes
  3283 | D:4      | Reached XP level 6. HP: 42/53 MP: 5/5
  3994 | D:4      | Reached skill level 6 in Axes
  3994 | D:4      | Reached XP level 7. HP: 51/60 MP: 6/6
  4249 | D:5      | Entered Level 5 of the Dungeon
  4407 | D:5      | Reached skill level 5 in Fighting
  4652 | D:5      | Found a shimmering altar of Xom.
  4654 | D:5      | Reached skill level 7 in Axes
  4673 | D:5      | HP: 3/61 [black bear (4)]
  4676 | D:5      | Slain by an iguana

Illustrated notes

Levels and vault maps discovered:
D:1:      minmay_arrival_four_circles, layout_basic, serial_shops, shop
D:2:      layout_loops_ring, basic_ecumenical_altar, minivault_27
D:3:      layout_basic, kennysheep_generic_room_4, uniq_robin
D:4:      layout_loops_corners, minmay_three_crescents, uniq_sigmund
D:5:      layout_basic, nicolae_wu_jian_glorious_leap, xom_confusion_cloud,
          temple_statues, mrwooster_statue_mirror, minmay_misc_feat_encased

Skill      XL: |  1  2  3  4  5  6  7 |
---------------+----------------------+-----
Armour         | 4 5 6 |  6.5
Fighting       | 4 5 |  5.1
Shields        | 4 |  4.9
Axes           | 3 4 5 6 7 |  7.2
Dodging        | 1 2 3 |  3.0

Action                   |  1- 3 |  4- 6 |  7- 9 || total
-------------------------+-------+-------+-------++-------
Melee: War axe           |    69 |    60 |    53 ||   182
       Headbutt          |     5 |    12 |     9 ||    26
  Use: Scroll            |     7 |       |       ||     7
Armor: Scale mail        |    55 |    31 |    35 ||   121
Dodge: Dodged            |    59 |    64 |    47 ||   170
Block: Buckler           |    25 |    15 |    17 ||    57
